 Dungeon Crawl Stone Soup version 0.13-a0-2531-g2ad9301 (webtiles) character file.

387 Rycklaryybbe the Changer (level 5, -2/40 HPs)
             Began as a Demigod Transmuter on July 26, 2013.
             Slain by a kobold
             ... wielding a +2,+0 elven whip
              (3 damage)
             ... on Level 4 of the Dungeon.
             The game lasted 00:18:04 (4304 turns).

Rycklaryybbe the Changer (Demigod Transmuter)       Turns: 4304, Time: 00:18:04

HP  -2/40        AC  2     Str 13      XL: 5   Next: 80%
MP   9/11        EV 12     Int 19      God:
Gold 100         SH  0     Dex 17      Spells:  2 memorised,  3 levels left

Res.Fire  : + . .   See Invis. : +     - Unarmed
Res.Cold  : . . .   Warding    : .   z - +0 elf robe
Life Prot.: . . .   Conserve   : .   (no shield)
Res.Poison: .       Res.Corr.  : .   (helmet restricted)
Res.Elec. : .       Clarity    : .   (no cloak)
Sust.Abil.: . .     Spirit.Shd : .   (no gloves)
Res.Mut.  : .       Stasis     : .   (no boots)
Res.Rott. : .       Flight     : .   (no amulet)
Saprovore : . . .                    y - ring of protection from fire {unknown}
                                     e - ring of see invisible {unknown}

@: appendage (expiring), very slightly contaminated, slightly resistant to
hostile enchantments, unstealthy
A: horns 2
a: End Transformation


You were on level 4 of the Dungeon.
You were hungry.
You had grown temporary horns.
You visited 1 branch of the dungeon, and saw 4 of its levels.

You collected 80 gold pieces.

Inventory:

Missiles
 b - 38 arrows
 i - a throwing net [frayed] (quivered)
 F - 13 steel darts
Armour
 c - a +0 robe
 k - a +0 robe
 u - a +0 robe
 z - a +0 elven robe (worn)
Magical devices
 q - a wand of flame (13) {unknown}
Comestibles
 a - 4 bread rations
 g - 2 chunks of gnoll flesh
 p - 3 meat rations
 v - 2 apples
Scrolls
 l - a scroll of teleportation
 m - 6 scrolls of identify
 w - a scroll of noise
Jewellery
 e - a ring of see invisible (left hand) {unknown}
 y - a ring of protection from fire (right hand) {unknown}
 E - an uncursed ring of ice
Potions
 f - a potion of might
Books
 d - a book of Changes

   Spells                             Type                      Level
   *Beastly Appendage                 Transmutation                1
   Sticks to Snakes                   Transmutation                2
   *Spider Form                       Transmutation/Poison         3
   Ice Form                           Ice/Transmutation            4
   Blade Hands                        Transmutation                5


   Skills:
 - Level 0.8 Fighting
 - Level 1.7 Dodging
 + Level 3.9 Unarmed Combat
 - Level 1.7 Spellcasting
 - Level 5.0 Transmutations
 - Level 0.6 Poison Magic


You had 3 spell levels left.
You knew the following spells:

 Your Spells              Type           Power        Failure   Level  Hunger
a - Beastly Appendage     Trmt           ###...       2%          1    #......
b - Spider Form           Trmt/Pois      ##........   17%         3    ####...


Dungeon Overview and Level Annotations

Branches:
Dungeon (4/27)
 Temple: D:4-7


Innate Abilities, Weirdness & Mutations

You have a pair of horns on your head.*


Message History

Drink which item? (? for menu, Esc to quit)
It has a very clean taste.
It was a potion of cure mutation.
You see here a worker ant corpse.
Drink which item? (? for menu, Esc to quit)
Okay, then.
Read which item? (? for menu, Esc to quit)
Okay, then.
The kobold shouts!
The kobold throws a dart.
The dart hits you!
* * * LOW HITPOINT WARNING * * *
Your transformation is almost over.
* * * LOW HITPOINT WARNING * * *
You feel sick. The kobold hits you with an elven whip.
* * * LOW HITPOINT WARNING * * *
You hit the kobold but do no damage.
* * * LOW HITPOINT WARNING * * *
You feel sick.
You feel better. The kobold hits you with an elven whip.
You die...

########### ..........#
#########.#
##.#########.####
.............)..#
##.###..####.##.# #g.#
#.##K# ....#
#.##@############
####.#
#.##...).((((.(.# #.#
#.##()#########.# #.#
#.##.)# #.#
....####.####.##.[# #)#
#...........##..# #.#
#.####.#######..#######
#(# #.# #...)......<.#
#(# #.###..##..##.##.#
#(#


You could see a kobold.

Vanquished Creatures
  An orc priest (D:4)
  An orc wizard (D:4)
  A worker ant (D:4)
  Jessica (D:2)
  5 adders
  3 gnolls
  A worm (D:4)
  4 giant geckos
  An ooze (D:1)
  9 orcs
  10 bats
  3 giant cockroaches
  6 goblins
  17 hobgoblins
  8 jackals
  13 kobolds
  3 quokkas
  3 giant newts
  7 rats
97 creatures vanquished.

Notes
Turn   | Place    | Note
--------------------------------------------------------------
     0 | D:1      | Rycklaryybbe, the Demigod Transmuter, began the quest for the Orb.
     0 | D:1      | Reached XP level 1. HP: 16/16 MP: 3/3
   191 | D:1      | Reached XP level 2. HP: 17/23 MP: 2/4
   825 | D:1      | Reached skill level 3 in Transmutations
  1161 | D:2      | Noticed Jessica
  1165 | D:2      | Killed Jessica
  1165 | D:2      | Reached XP level 3. HP: 24/28 MP: 5/7
  1202 | D:2      | Learned a level 3 spell: Spider Form
  1508 | D:2      | Reached skill level 4 in Transmutations
  1688 | D:2      | Reached XP level 4. HP: 28/35 MP: 9/9
  3205 | D:3      | Paralysed by a potion of paralysis for 2 turns
  3503 | D:3      | Reached skill level 5 in Transmutations
  3518 | D:3      | Reached XP level 5. HP: 28/40 MP: 8/11
  4303 | D:4      | HP: 2/40 [kobold/elven whip (5)]
  4304 | D:4      | Slain by a kobold

Action                   |  1- 3 |  4- 6 || total
-------------------------+-------+-------++-------
Melee: Unarmed           |   123 |   218 ||   341
Throw: Club              |       |     2 ||     2
       Throwing net      |       |     1 ||     1
 Cast: Beastly Appendage |    23 |    25 ||    48
       Spider Form       |       |    11 ||    11
 Abil: End Transformatio |       |     6 ||     6
  Use: Scroll            |       |     8 ||     8
       Potion            |       |     7 ||     7
